 Dungeon Crawl Stone Soup version 0.25.0-26-g0c896c7088 (webtiles) character file.

Game seed: 1103780664993364633

204406 protoss039 the Sorcerer (level 18, -9/112 HPs)
             Began as a Deep Elf Earth Elementalist on June 30, 2020.
             Was the Champion of Vehumet.
             Killed from afar by a frost giant (51 damage)
             ... with a bolt of cold
             ... on level 2 of the Vaults.
             The game lasted 03:23:33 (50610 turns).

protoss039 the Sorcerer (DEEE)                     Turns: 50610, Time: 03:23:34

Health: -9/112     AC: 18    Str:  6    XL:     18   Next: 1%
Magic:  22/48      EV: 11    Int: 37    God:    Vehumet [******]
Gold:   1550       SH: 10    Dex: 13    Spells: 31/65 levels left

rFire    + + +     SeeInvis +   r - +5 whip of the Apocalypse {elec, +Inv rPois rF+++ Dex-2}
rCold    . . .     Gourm    .   o - +2 kite shield
rNeg     . . .     Faith    .   B - +0 robe of Hyidiv {Str-5 Int+8 SInv Stlth+}
rPois    +         Spirit   .   Y - +1 helmet
rElec    .         Reflect  .   s - +0 cloak
rCorr    +         Harm     .   I - +2 pair of gloves
MR       +....                  y - +0 pair of boots
Stlth    +++.......             n - amulet of the acrobat
HPRegen  0.28/turn              O - ring of resist corrosion
MPRegen  0.31/turn              x - +6 ring of strength

@: icy armour, about to teleport
A: no striking features
}: 1/15 runes: gossamer
a: Renounce Religion, Evoke Invisibility


You were on level 2 of the Vaults.
You worshipped Vehumet.
Vehumet was exalted by your worship.
You were not hungry.

You visited 8 branches of the dungeon, and saw 32 of its levels.

You collected 3055 gold pieces.
You spent 1505 gold pieces at shops.

Inventory:

Hand Weapons
 r - the +5 whip of the Apocalypse (weapon) {elec, +Inv rPois rF+++ Dex-2}
   (You found it on level 15 of the Dungeon)

   Occasionally, upon striking a foe, it will discharge some electrical energy
   and cause terrible harm.
   It affects your dexterity (-2).
   It renders you almost immune to fire.
   It protects you from poison.
   It lets you turn invisible.
Missiles
 b - 373 stones (quivered)
Armour
 o - a +2 kite shield (worn)
 s - a +0 cloak (worn)
 y - a +0 pair of boots (worn)
 B - the +0 robe of Hyidiv (worn) {Str-5 Int+8 SInv Stlth+}
   (You found it on level 4 of the Spider Nest)

   It affects your strength (-5).
   It affects your intelligence (+8).
   It lets you see invisible.
   It makes you more stealthy.
 E - a +2 robe of cold resistance
 I - a +2 pair of gloves (worn)
 Y - a +1 helmet (worn)
Jewellery
 c - an uncursed ring of positive energy
 n - an amulet of the acrobat (around neck)
 q - an uncursed ring of flight
 x - a +6 ring of strength (right hand)
 O - a ring of resist corrosion (left hand)
 P - the ring of Wisdom {Fire rPois MR+ Int+4}
   (You found it on level 13 of the Dungeon)

   [ring of fire]

   It enhances your fire magic.
   It affects your intelligence (+4).
   It protects you from fire.
   It makes you vulnerable to cold.
   It protects you from poison.
   It affects your resistance to hostile enchantments.
Wands
 a - a wand of acid (16)
 u - a wand of paralysis (7)
 w - a wand of clouds (21)
 G - a wand of digging (7)
 T - a wand of disintegration (20)
 X - a wand of iceblast (5)
Scrolls
 e - 6 scrolls of teleportation
 f - a scroll of blinking
 h - a scroll of magic mapping
 i - a scroll of fear
 l - 14 scrolls of remove curse
 p - 6 scrolls of amnesia
 t - 5 scrolls of enchant weapon
 R - 6 scrolls of enchant armour
 Z - 2 scrolls of fog
Potions
 g - 4 potions of brilliance
 k - 3 potions of mutation
 m - 3 potions of curing
 z - 2 potions of magic
 A - 2 potions of haste
 C - 2 potions of stabbing
 D - a potion of invisibility
 F - 6 potions of flight
 M - 3 potions of might
 V - 2 potions of cancellation
Comestibles
 d - 40 rations


   Skills:
 - Level 12.0 Fighting
 + Level 3.3 Maces & Flails
 - Level 2.4 Dodging
 - Level 2.4 Stealth
 - Level 5.0 Shields
 * Level 24.3 Spellcasting
 - Level 6.0 Conjurations
 - Level 1.9 Charms
 - Level 2.0 Transmutations
 - Level 1.0 Ice Magic
 - Level 1.1 Air Magic
 - Level 19.9 Earth Magic


You had 31 spell levels left.
You knew the following spells:

 Your Spells              Type           Power        Failure   Level  Hunger
a - Sandblast             Erth           ######       0%          1    None
b - Passwall              Tmut/Erth      #######.     1%          2    None
c - Stone Arrow           Conj/Erth      ######       1%          3    None
d - Petrify               Tmut/Erth      #######.     1%          4    None
e - Lee's Rapid Deconstr  Erth           ########..   0%          5    None
f - Ozocubu's Armour      Chrm/Ice       ######..     3%          3    None
g - Iron Shot             Conj/Erth      #######...   1%          6    None
h - Lightning Bolt        Conj/Air       ######....   3%          5    None
i - Fireball              Conj/Fire      ######....   4%          5    None

Your spell library contained the following spells:

 Spells                   Type           Power        Failure   Level  Hunger
 Lehudib's Crystal Spear  Conj/Erth      #######...   16%         8    None
 Chain Lightning          Conj/Air       ######....   99%         8    None
 Fire Storm               Conj/Fire      ######....   100%        9    ###....
 Animate Skeleton         Necr           N/A          1%          1    None
 Apportation              Tloc           #####.       1%          1    None
 Beastly Appendage        Tmut           ######       1%          1    None
 Corona                   Hex            #####..      1%          1    None
 Freeze                   Ice            ####         1%          1    None
 Pain                     Necr           ####         1%          1    None
 Shock                    Conj/Air       ####         1%          1    None
 Sting                    Tmut/Pois      ####         1%          1    None
 Summon Small Mammal      Summ           ####         1%          1    None
 Shroud of Golubria       Chrm/Tloc      ######       1%          2    None
 Sticks to Snakes         Tmut           ######..     1%          2    None
 Swiftness                Chrm/Air       ######..     1%          2    None
 Frozen Ramparts          Ice            ######       1%          3    None
 Ignite Poison            Fire/Tmut/Pois #####...     1%          3    None
 Static Discharge         Conj/Air       ######..     1%          3    None
 Fulminant Prism          Conj/Hex       ######....   1%          4    None
 Hailstorm                Conj/Ice       ######..     1%          4    None
 Borgnjor's Vile Clutch   Necr/Erth      #######...   1%          5    None
 Blink                    Tloc           N/A          2%          2    None
 Call Imp                 Summ           #####...     2%          2    None
 Ensorcelled Hibernation  Hex/Ice        #####.       2%          2    None
 Sublimation of Blood     Necr           #####.....   2%          2    None
 Spider Form              Tmut/Pois      ######....   3%          3    None
 Airstrike                Air            ######....   3%          4    None
 Call Canine Familiar     Summ           #####...     5%          3    None
 Gell's Gravitas          Tloc           #####.....   5%          3    None
 Lesser Beckoning         Tloc           #####.....   5%          3    None
 Summon Guardian Golem    Hex/Summ       #####...     5%          3    None
 Teleport Other           Tloc           #####...     5%          3    None
 Ice Form                 Ice/Tmut       ######..     10%         4    None
 Summon Ice Beast         Ice/Summ       #####...     14%         4    None
 Summon Lightning Spire   Summ/Air       #####...     14%         4    None
 Conjure Ball Lightning   Conj/Air       ######....   17%         6    None
 Dispel Undead            Necr           #####...     19%         4    None
 Passage of Golubria      Tloc           N/A          19%         4    None
 Blade Hands              Tmut           ######....   22%         5    None
 Silence                  Hex/Air        #####.....   36%         5    None
 Simulacrum               Ice/Necr       #####.....   92%         6    None
 Darkness                 Hex            #####.....   95%         6    None
 Shadow Creatures         Summ           N/A          95%         6    None
 Tornado                  Air            ######....   100%        9    ###....


Dungeon Overview and Level Annotations

Branches:
Dungeon (15/15)            Temple (1/1) D:4            Lair (6/6) D:10
  Swamp (1/4) Lair:3       Spider (4/4) Lair:3        Slime (0/5) Lair:5
    Orc (2/2) D:12            Elf (1/3) Orc:2        Vaults (2/5) D:14
 Depths (0/5) D:15
  Crypt: Vaults:2-3

Altars:
Ashenzari
Cheibriados
Dithmenos
Elyvilon
Fedhas
Gozag
Hepliaklqana
Kikubaaqudgha
Makhleb
Nemelex Xobeh
Okawaru
Qazlal
Ru
Sif Muna
Trog
Uskayaw
Vehumet
Wu Jian
Xom
Yredelemnul
Zin
The Shining One
Jiyva

Shops:
D:8 (*!   D:10 *   D:13 (   Orc:2 :*!*   Vaults:1 =

Annotations:
D:5 1 exclusion
Lair:2 2 runed translucent doors, exclusion: 2 doors, Zet Ruschy's ghost, journeyman DsFi
Lair:5 1 runed translucent door, exclusions: door and 1 more exclusion
Spider:1 7 exclusions, Jorgrun
Spider:2 Arachne
Spider:3 1 exclusion, Roxanne
Vaults:2 3 runed translucent doors


Message History

The frost giant freezes you.
Unknown command.
Unknown command.
Unknown command.
Casting: Petrify (safe; 1% risk of failure)
Confirm with . or Enter, or press ? or * to list all spells.
Aiming: Lee's Rapid Deconstruction (safe; 0% risk of failure)
Press: ? - help, Dir - move target cursor, f/p - frost giant Fragment what (e.g. wall or brittle monster)?: a frost giant, wielding a +2 battleaxe of freezing (petrifying slowly)
Okay, then.
Casting: Lee's Rapid Deconstruction (safe; 0% risk of failure)
Confirm with . or Enter, or press ? or * to list all spells.
Aiming: Iron Shot (mildly dangerous; 1% risk of failure)
Press: ? - help, Shift-Dir - straight line, f/p - frost giant
Aim: a frost giant, wielding a +2 battleaxe of freezing (petrifying slowly)
The iron shot hits the frost giant!!!
The frost giant is moderately wounded.
The frost giant casts a spell at you. The bolt of cold hits you!!!
You die...

..###....# ...#.....#
.........# ##########
##############+####+###+
.............)..........
........................
................@.$.....
................C.......
##'##############)......
.......# ...####
.......# ...# .......#
...# .......# ...#
....>..# ...# .......#


You could see a frost giant (petrifying).

Vanquished Creatures
  Rupert (D:15)
  2 vault wardens (Vaults:1)
  3 ghost moths (Spider:4)
  A frost giant (Vaults:2)
  6 emperor scorpions
  4 ironheart preservers
  An entropy weaver (Spider:1)
  2 spark wasps (Spider:4)
  Snorg (Lair:5)
  3 yaktaur captains (Vaults:1)
  A great orb of eyes (Vaults:1)
  Harold (D:8)
  2 fire dragons
  6 hydras
  3 ice dragons
  3 vault guards
  A catoblepas (D:14)
  3 centaur warriors
  A death knight (D:14)
  Erica (D:9)
  17 two-headed ogres
  5 death yaks
  5 ogre magi
  A deep troll earth mage (Vaults:2)
  2 dancing weapons (Elf:1)
  An alligator (Swamp:1)
  Urug (Lair:2)
  2 deep elf knights (Vaults:1)
  3 unseen horrors
  The ghost of Esekla the Thaumaturge, a novice DEWn of Qazlal (D:11)
  2 shadow wraiths (Vaults:2)
  4 skeletal warriors
  2 deep trolls (Vaults:2)
  A swamp dragon (Swamp:1)
  7 orc knights
  2 deep elf archers
  7 ironbrand convokers
  A lindwurm (Lair:6)
  6 harpies
  A phantasmal warrior (D:14)
  Pikel (D:4)
  27 wolf spiders
  23 orb spiders
  An orc sorcerer (Vaults:1)
  19 ugly things
  A cyclops (shapeshifter) (Elf:1)
  A cyclops (D:15)
  2 oklob plants (Lair:3)
  16 elephants
  8 deep elf magi
  A guardian serpent (D:14)
  5 vault sentinels
  A guardian serpent (shapeshifter) (Vaults:1)
  4 black mambas (Lair:6)
  2 moths of wrath
  2 torpor snails (Lair:6)
  Psyche (D:9)
  2 molten gargoyles (Lair:6)
  4 gargoyles
  8 yaktaurs (Vaults:1)
  A freezing wraith (Vaults:2)
  10 spiny frogs
  A rime drake (Lair:2)
  9 komodo dragons
  An ice devil (D:11)
  11 demonic crawlers
  15 jumping spiders
  A queen bee (Lair:4)
  4 trolls
  A hornet (shapeshifter) (Vaults:1)
  11 hornets
  3 meliai (Lair:4)
  3 bog bodies
  A polar bear (Lair:5)
  16 hippogriffs
  A blink frog (shapeshifter) (Vaults:1)
  21 slime creatures
  14 blink frogs
  23 dream sheep
  Sigmund (D:4)
  A vampire (D:15)
  53 redbacks
  7 wyverns
  3 shadows
  26 tarantellas
  8 humans (D:14)
  A spriggan (D:11)
  3 steam dragons (Lair:6)
  37 yaks
  4 basilisks
  4 wraiths
  3 vampire mosquitoes (D:13)
  A fire elemental (Elf:1)
  A hungry ghost (D:8)
  7 wargs
  2 acid dragons
  32 water moccasins
  4 porcupines
  A black bear (D:7)
  3 hell hounds (Lair:6)
  4 ice beasts
  2 sky beasts
  43 orc warriors
  3 phantoms
  A slave (D:3)
  An eye of draining (D:13)
  An ettin simulacrum (Vaults:2)
  10 wolves (Lair:3)
  14 ogres
  A boggart (shapeshifter) (Vaults:1)
  5 crocodiles
  21 centaurs
  16 bullfrogs
  3 big kobolds
  2 gnoll sergeants (D:7)
  A wyvern skeleton (D:14)
  4 scorpions
  5 jellies
  An orc simulacrum (Vaults:1)
  8 wights
  An elf simulacrum (Vaults:2)
  27 killer bees
  2 electric eels
  6 howler monkeys
  9 crimson imps
  2 centaur zombies
  4 lava snakes (Lair:6)
  A human simulacrum (Vaults:2)
  A quasit (D:13)
  A bullfrog zombie (D:12)
  12 orc priests
  11 hounds
  Crazy Yiuf (D:4)
  A bullfrog skeleton (D:5)
  8 centaur skeletons
  6 iguanas
  13 orc wizards
  6 worker ants
  3 centaur simulacra
  A hound zombie (D:5)
  Robin (D:2)
  13 gnolls
  2 howler monkey skeletons
  35 adders
  6 shadow imps
  4 white imps (D:11)
  An ooze (D:4)
  An adder zombie (D:5)
  2 adder skeletons
  3 worms
  3 dart slugs
  6 leopard geckos
  64 orcs
  8 giant cockroaches
  8 hobgoblins
  14 jackals
  21 kobolds
  3 quokkas
  3 ball pythons
  7 bats
  6 frilled lizards
  17 goblins
  A leopard gecko skeleton (D:9)
  7 rats
  2 fungi (Lair:6)
  2 plants (Lair:3)
1097 creatures vanquished.

Vanquished Creatures (collateral kills)
  2 wolf spiders (Spider:4)
  A redback (Spider:4)
3 creatures vanquished.

Vanquished Creatures (others)
  2 humans (D:14)
  A worker ant (D:5)
  A rat (D:2)
  19 fungi
  11 plants
34 creatures vanquished.

Grand Total: 1134 creatures vanquished

Notes
Turn   | Place    | Note
-------+----------+-------------------------------------------
     0 | D:1      | protoss039 the Deep Elf Earth Elementalist began the quest
                  | for the Orb.
     0 | D:1      | Reached XP level 1. HP: 10/10 MP: 6/6
   229 | D:1      | Reached XP level 2. HP: 15/15 MP: 5/8
   712 | D:1      | Learned a level 2 spell: Passwall
  1174 | D:2      | Reached XP level 3. HP: 19/19 MP: 5/10
  1218 | D:2      | Reached skill level 4 in Spellcasting
  1263 | D:2      | Noticed Robin
  1281 | D:2      | Killed Robin
  1422 | D:2      | Reached XP level 4. HP: 23/24 MP: 10/12
  1486 | D:2      | Learned a level 3 spell: Stone Arrow
  1790 | D:2      | Reached skill level 5 in Spellcasting
  2044 | D:2      | Found an ornate altar of the Wu Jian Council.
  2484 | D:3      | Reached skill level 5 in Earth Magic
  2619 | D:3      | Reached XP level 5. HP: 28/28 MP: 9/14
  3352 | D:4      | Reached skill level 6 in Spellcasting
  3372 | D:4      | Noticed a slave
  3387 | D:4      | Noticed a slave
  3389 | D:4      | Noticed Pikel
  3408 | D:3      | Killed a slave
  3605 | D:4      | Reached XP level 6. HP: 32/32 MP: 11/17
  3777 | D:4      | Reached skill level 7 in Spellcasting
  3934 | D:4      | Learned a level 4 spell: Petrify
  3940 | D:4      | Learned a level 5 spell: Lee's Rapid Deconstruction
  4025 | D:4      | Reached XP level 7. HP: 36/36 MP: 10/20
  4030 | D:4      | Noticed Sigmund
  4112 | D:4      | Killed Sigmund
  4112 | D:4      | Reached skill level 8 in Spellcasting
  4112 | D:4      | Reached skill level 1 in Conjurations
  4377 | D:4      | Found a runed translucent door.
  4378 | D:4      | Noticed Crazy Yiuf
  4600 | D:4      | Found an ancient bone altar of Kikubaaqudgha.
  4625 | D:4      | Found a staircase to the Ecumenical Temple.
  4648 | D:4      | Killed Pikel
  4648 | D:4      | Reached skill level 9 in Spellcasting
  4648 | D:4      | Reached XP level 8. HP: 41/41 MP: 6/23
  4660 | Temple   | Entered the Ecumenical Temple
  4778 | Temple   | Became a worshipper of Vehumet
  5004 | D:4      | Found a stormy altar of Qazlal.
  5121 | D:4      | Killed Crazy Yiuf
  5217 | D:5      | Entered Level 5 of the Dungeon
  5304 | D:5      | Reached skill level 10 in Spellcasting
  5414 | D:5      | Found a glowing silver altar of Zin.
  6511 | D:6      | Reached * piety under Vehumet
  6511 | D:6      | Offered knowledge of Shock by Vehumet.
  6511 | D:6      | Reached skill level 11 in Spellcasting
  6511 | D:6      | Reached XP level 9. HP: 45/45 MP: 9/26
  7760 | D:7      | Found a blossoming altar of Fedhas.
  7761 | D:7      | Reached skill level 10 in Earth Magic
  7846 | D:7      | Reached skill level 12 in Spellcasting
  8199 | D:8      | Found an ancient bone altar of Kikubaaqudgha.
  8308 | D:8      | Found Pyhyxiul's General Store.
  8348 | D:8      | Bought a scroll of identify for 22 gold pieces
  8348 | D:8      | Bought a scroll of identify for 22 gold pieces
  8489 | D:8      | Reached ** piety under Vehumet
  8815 | D:8      | Found Woerux's Weapon Boutique.
  8820 | D:8      | Offered knowledge of Freeze by Vehumet.
  9325 | D:8      | Noticed Harold
  9331 | D:8      | Killed Harold
  9331 | D:8      | Reached skill level 13 in Spellcasting
  9331 | D:8      | Reached XP level 10. HP: 20/50 MP: 2/29
  9515 | D:8      | Found Zopsuj's Distillery.
  9923 | D:9      | Noticed Erica
  9951 | D:9      | Killed Erica
  9951 | D:9      | Reached skill level 14 in Spellcasting
 10059 | D:9      | Found a white marble altar of Elyvilon.
 10248 | D:9      | Noticed Psyche
 10250 | D:9      | Killed Psyche
 10412 | D:10     | Entered Level 10 of the Dungeon
 10508 | D:10     | Found Pidodet's General Store.
 10509 | D:10     | Noticed a gargoyle
 10510 | D:10     | Killed a gargoyle
 10510 | D:10     | Offered knowledge of Dazzling Flash by Vehumet.
 10889 | D:10     | Reached skill level 15 in Spellcasting
 11044 | D:10     | Found a staircase to the Lair.
 11064 | D:10     | Reached XP level 11. HP: 54/54 MP: 21/32
 11191 | D:10     | Reached *** piety under Vehumet
 11244 | D:10     | Learned a level 3 spell: Ozocubu's Armour
 11470 | D:10     | Reached skill level 1 in Charms
 11485 | D:10     | Noticed a deep elf mage
 11487 | D:10     | Killed a deep elf mage
 11495 | D:10     | Offered knowledge of Mephitic Cloud by Vehumet.
 11659 | D:10     | Killed an unseen horror
 12046 | D:11     | Found a burning altar of Makhleb.
 12087 | D:11     | Found a runed translucent gate.
 12087 | D:11     | Found a runed translucent gate.
 12087 | D:11     | Found a runed translucent gate.
 12119 | D:11     | Reached skill level 1 in Ice Magic
 12119 | D:11     | Noticed Esekla's ghost (novice DEWn)
 12123 | D:11     | Reached **** piety under Vehumet
 12132 | D:11     | Killed Esekla's ghost
 12132 | D:11     | Offered knowledge of Sticky Flame by Vehumet.
 12139 | D:11     | Got the ring "Zomu" {Fire}
 12141 | D:11     | Identified the Guide on Vitriolic Unholy Magic
 12288 | D:11     | Identified the ring "Zomu" {Fire *Slow +Blink rPois Int-4}
                  | (You found it on level 11 of the Dungeon)
 12485 | D:11     | Reached skill level 16 in Spellcasting
 13123 | D:12     | You fall into a shaft and drop 1 floor!
 13506 | D:12     | Found a staircase to the Orcish Mines.
 14139 | D:13     | Noticed a two-headed ogre
 14141 | D:13     | Killed a two-headed ogre
 14257 | D:13     | Reached skill level 17 in Spellcasting
 14258 | D:13     | Reached ***** piety under Vehumet
 14258 | D:13     | Reached XP level 12. HP: 59/59 MP: 12/35
 14571 | D:13     | Offered knowledge of Freezing Cloud by Vehumet.
 14847 | D:13     | Got a brightly glowing turquoise ring
 14849 | D:13     | Identified the ring of Wisdom {Fire rPois MR+ Int+4} (You
                  | found it on level 13 of the Dungeon)
 15114 | D:13     | Found Saiveen's Weapon Shoppe.
 15450 | D:14     | Noticed a two-headed ogre
 15455 | D:14     | Killed a two-headed ogre
 15456 | D:14     | Noticed a catoblepas
 15461 | D:14     | Noticed a centaur warrior
 15466 | D:14     | Killed a centaur warrior
 15466 | D:14     | Reached skill level 5 in Conjurations
 15664 | D:14     | Reached skill level 18 in Spellcasting
 15666 | D:14     | Reached skill level 15 in Earth Magic
 15711 | D:14     | Noticed a death knight
 15714 | D:14     | Killed a death knight
 15879 | D:14     | You fall into a shaft and drop 1 floor!
 15879 | D:15     | Entered Level 15 of the Dungeon
 15879 | D:15     | Noticed a two-headed ogre
 15879 | D:15     | Noticed an ogre mage
 15879 | D:15     | Noticed a two-headed ogre
 15880 | D:15     | Noticed a two-headed ogre
 15880 | D:15     | Noticed a two-headed ogre
 15880 | D:15     | Noticed a two-headed ogre
 15882 | D:15     | Killed a two-headed ogre
 15889 | D:15     | Found a frozen archway.
 15990 | D:14     | Noticed a vault guard
 16091 | Lair:1   | Entered Level 1 of the Lair of Beasts
 16304 | Lair:1   | You fall into a shaft and drop 1 floor!
 16330 | Lair:2   | Reached XP level 13. HP: 52/64 MP: 20/37
 16377 | Lair:2   | Reached skill level 1 in Fighting
 16499 | Lair:2   | Reached skill level 19 in Spellcasting
 17252 | Lair:2   | Noticed Urug
 17255 | Lair:2   | Killed Urug
 17482 | Lair:2   | Found a large runed translucent door.
 17483 | Lair:2   | Found a large runed translucent door.
 17484 | Lair:2   | Noticed Zet Ruschy's ghost (journeyman DsFi)
 17846 | Lair:2   | Offered knowledge of Iron Shot by Vehumet.
 17854 | Lair:2   | Learned a level 6 spell: Iron Shot
 19002 | Lair:3   | Reached skill level 5 in Fighting
 19482 | Lair:3   | Learned a level 5 spell: Lightning Bolt
 19631 | Lair:3   | Found a hole to the Spider Nest.
 19926 | Lair:3   | Reached skill level 1 in Air Magic
 19944 | Lair:3   | Found a staircase to the Swamp.
 21459 | Lair:4   | Offered knowledge of Bolt of Magma by Vehumet.
 21728 | Lair:5   | Reached XP level 14. HP: 84/84 MP: 14/39
 22271 | Lair:5   | Found a viscous altar of Jiyva.
 22272 | Lair:5   | Found a runed translucent door.
 22272 | Lair:5   | Noticed an azure jelly
 22273 | Lair:5   | Found a staircase to the Slime Pits.
 22273 | Lair:5   | Noticed an azure jelly
 22273 | Lair:5   | Noticed an azure jelly
 22848 | Lair:6   | Entered Level 6 of the Lair of Beasts
 22848 | Lair:6   | Noticed Snorg
 22849 | Lair:6   | Upgraded the game from 0.25.0-15-gac7dcb8919 to
                  | 0.25.0-26-g0c896c7088
 23115 | Lair:5   | Killed Snorg
 26190 | Lair:6   | Found a large runed translucent door.
 26195 | Lair:6   | Found a large runed translucent door.
 26713 | Orc:1    | Entered Level 1 of the Orcish Mines
 26893 | Orc:1    | Offered knowledge of Irradiate by Vehumet.
 26905 | Orc:1    | Reached skill level 10 in Fighting
 27353 | Orc:2    | Entered Level 2 of the Orcish Mines
 27353 | Orc:2    | Found a staircase to the Elven Halls.
 27481 | Orc:2    | Found Kyaga's Assorted Antiques.
 27691 | Orc:2    | Reached XP level 15. HP: 71/92 MP: 21/40
 27925 | Orc:2    | Bought a scroll labeled BALYEMN TAFEA for 30 gold pieces
 27925 | Orc:2    | Bought a scroll labeled PYLOIH QIAZAI for 30 gold pieces
 27925 | Orc:2    | Bought a scroll of identify for 60 gold pieces
 28617 | Orc:2    | Found Wiol's Distillery.
 28617 | Orc:2    | Found Ychog's Assorted Antiques.
 28619 | Orc:2    | Found Ycrony's Book Shoppe.
 28621 | Orc:2    | Found Neseuc's Magic Scroll Boutique.
 28626 | Orc:2    | Bought a scroll of identify for 42 gold pieces
 28626 | Orc:2    | Bought a scroll labeled XYOSYUS ATOFUV for 21 gold pieces
 28626 | Orc:2    | Bought a scroll labeled BALYEMN TAFEA for 21 gold pieces
 28626 | Orc:2    | Bought a potion of magic for 168 gold pieces
 28654 | Orc:2    | Bought an antique book for 450 gold pieces
 28654 | Orc:2    | Bought a paperback book for 450 gold pieces
 28675 | Orc:2    | Bought a bloodstained scale mail for 189 gold pieces
 28694 | Orc:2    | Identified the +7 scale mail "Qypenog" {Dex+2} (You bought
                  | it in a shop on level 2 of the Orcish Mines)
 29106 | Elf:1    | Entered Level 1 of the Elven Halls
 29432 | Elf:1    | Noticed a deep elf sorcerer
 30502 | D:14     | Found a gate to the Vaults.
 31321 | D:15     | Found a staircase to the Depths.
 31625 | D:15     | Got a translucent whip
 31751 | D:15     | Identified the +5 whip of the Apocalypse {elec, +Inv rPois
                  | rF+++ Dex-2} (You found it on level 15 of the Dungeon)
 31979 | D:15     | Noticed Rupert
 31986 | D:15     | Killed Rupert
 32237 | D:15     | Reached skill level 20 in Spellcasting
 32238 | D:15     | Reached skill level 1 in Shields
 32244 | D:15     | Reached skill level 1 in Maces & Flails
 33026 | Swamp:1  | Entered Level 1 of the Swamp
 33233 | Spider:1 | Entered Level 1 of the Spider Nest
 34319 | Spider:1 | Noticed Jorgrun
 34751 | Spider:2 | Noticed Arachne
 34904 | Spider:1 | Offered knowledge of Yara's Violent Unravelling by Vehumet.
 35987 | Spider:2 | Reached XP level 16. HP: 100/100 MP: 26/42
 38724 | Spider:3 | Identified Roxanne's Handbook of Transmutation
 38724 | Spider:3 | Noticed Roxanne
 39656 | Spider:4 | Entered Level 4 of the Spider Nest
 39800 | Spider:4 | Offered knowledge of Fireball by Vehumet.
 40507 | Spider:4 | Reached skill level 5 in Shields
 41902 | Spider:4 | Got a tattered robe
 42218 | Spider:4 | Learned a level 5 spell: Fireball
 42269 | Spider:4 | Reached ****** piety under Vehumet
 43116 | Spider:4 | Reached XP level 17. HP: 70/106 MP: 15/43
 43142 | Spider:4 | Reached skill level 21 in Spellcasting
 43838 | Spider:4 | Got a gossamer rune of Zot
 44234 | Vaults:1 | Entered Level 1 of the Vaults
 44590 | Vaults:1 | Identified the cursed +0 robe of Hyidiv {Str-5 Int+8 SInv
                  | Stlth+} (You found it on level 4 of the Spider Nest)
 44590 | Vaults:1 | Lost strength.
 45583 | Vaults:1 | Found Kuepp's Jewellery Emporium.
 45772 | Vaults:1 | Found a white marble altar of Elyvilon.
 46085 | Vaults:1 | Offered knowledge of Ozocubu's Refrigeration by Vehumet.
 46566 | Vaults:1 | Reached skill level 22 in Spellcasting
 48247 | Vaults:1 | Reached skill level 23 in Spellcasting
 49576 | Vaults:2 | Found a runed translucent gate.
 49576 | Vaults:2 | Found a runed translucent gate.
 49577 | Vaults:2 | Found a runed translucent gate.
 49876 | Vaults:2 | Reached skill level 24 in Spellcasting
 50599 | Vaults:2 | Offered knowledge of Lehudib's Crystal Spear by Vehumet.
 50599 | Vaults:2 | Offered knowledge of Fire Storm by Vehumet.
 50599 | Vaults:2 | Offered knowledge of Chain Lightning by Vehumet.
 50599 | Vaults:2 | Reached XP level 18. HP: 112/112 MP: 45/48
 50610 | Vaults:2 | Killed from afar by a frost giant

Illustrated notes

Levels and vault maps discovered:
D:1:      dpeg_arrival_shrine, layout_loops_cross,
          wander_ebering_terrifying_dragon_lair
D:2:      layout_rooms, lemuel_round_altar, first_ration,
          kennysheep_another_room, uniq_robin
D:3:      layout_loops_ring
D:4:      layout_cave_pools, lemuel_doored_altar, kiku_gazebo_garden_becter,
          minmay_temple_entry_offerings, uniq_crazy_yiuf_cottage, uniq_sigmund,
          uniq_pikel
D:5:      layout_basic, zin_scriptorium, lemuel_flamethrower_2
D:6:      layout_gridville
D:7:      layout_loops_ring, fedhas_altar_2
D:8:      layout_basic, basic_altar, serial_shops, nicolae_shop_crystal, shop,
          shop, uniq_harold
D:9:      layout_rooms, kennysheep_mini, uniq_psyche, uniq_erica
D:10:     kennysheep_windowed_halls, layout_basic, lair_entry_dummy,
          serial_shops, nicolae_shop_temple_entry_statues_fountains
D:11:     layout_loops_ring, gammafunk_ghost_icy, grunt_pizzeria, bloody_makhleb
D:12:     layout_rooms, minmay_orc_entry_guard_dogs
D:13:     layout_basic, serial_shops, nicolae_shop_stone, minivault_10
D:14:     layout_roguey, ximxim_vaults_locker_room, grunt_decor_mini_mirrors,
          nrook_guardian_serpent_ordinary
D:15:     grunt_enter_depths_hoard, layout_gridville, minmay_misc_feat_square,
          portal_ice_cave_entry_pillars_1, uniq_rupert
Temple:   regret_index_temple_sphere_string
Lair:1:   layout_cellular_growth, gauntlet_entry_generic, grunt_megastairs_5
Lair:2:   lemuel_reptile_caves, layout_loops_ring, ebering_ghost_disaster_area,
          uniq_urug
Lair:3:   layout_gridlike, skrybe_swamp_entry_bodies,
          nicolae_spider_entry_orb_guardian, serial_bayou_shore_a,
          minmay_lair_oklob_chamber
Lair:4:   layout_roguey, special_room [special_room_bee], beast_lair_carwin_9
Lair:5:   layout_small_grid, slime_altar_2, chequers_serial_rivers_marsh,
          infiniplex_staircase_pool, grunt_megastairs_2
Lair:6:   cheibrodos_lair_end_hotspot, layout_misc_corridors, uniq_snorg
Swamp:1:  layout_basic_swamp, hangedman_swamp_pad
Spider:1: layout_chambers, guppyfry_hornet_nest, uniq_jorgrun
Spider:2: layout_spider_delve, hangedman_spider_mandibles, uniq_arachne
Spider:3: layout_spider_delve, special_room, uniq_roxanne
Spider:4: spider_rune_water
Orc:1:    layout_caves
Orc:2:    st_orc_rangers, layout_caves, serial_shops, nicolae_shop_crystal
Elf:1:    layout_loops_corners, hangedman_elf_represent
Vaults:1: v_misc_4, vaults_room_fours, nicolae_vaults_network_square,
          vaults_mumra_lcd, ontoclasm_vaults_ring_small,
          nicolae_vaults_circle_grid_a, v_rooms_4,
          nicolae_vaults_little_squares_5, vaults_mumra_bighexcomb,
          ontoclasm_vaults_pinch, grunt_vaults_diagonal, ontoclasm_vaults_chip,
          layout_vaults_omnicross, basic_altar, serial_shops, shop
Vaults:2: ploomutoo_gammafunk_vaults_ghost_potion_laboratory,
          grunt_vaults_focal, v_misc_5, vaults_room_pool,
          vaults_standard_mumra_lines, nicolae_vaults_mini_display_case,
          vaults_dpeg_encased_lava, v_misc_2, v_misc_8, vaults_room_door_hall,
          layout_vaults_omnigrid

Skill      XL: |  1  2  3  4  5  6  7  8  9 10 11 12 13 14 15 16 17 |
---------------+----------------------------------------------------+-----
Earth Magic    | 4 5 6 8 9 11 12 13 15 16 18 19 | 19.9
Spellcasting   | 4 5 6 7 9 11 13 15 17 18 19 20 24 | 24.3
Conjurations   | 1 2 3 4 5 6 |  6.0
Charms         | 1 |  1.9
Ice Magic      | 1 |  1.0
Fighting       | 8 10 11 12 | 12.0
Transmutations | 2 |  2.0
Air Magic      | 1 |  1.1
Shields        | 2 5 |  5.0
Maces & Flails | 2 3 |  3.3
Dodging        | |  2.4
Stealth        | |  2.4

Action                   |  1- 3 |  4- 6 |  7- 9 | 10-12 | 13-15 | 16-18 || total
-------------------------+-------+-------+-------+-------+-------+-------++-------
Melee: Dagger            |    56 |    79 |     4 |     9 |    10 |       ||   158
       Whip              |       |       |       |       |       |    35 ||    35
 Cast: Sandblast         |    51 |    55 |    36 |    42 |   103 |    63 ||   350
       Stone Arrow       |       |    16 |    92 |   117 |   146 |    15 ||   386
       Lee's Rapid Decon |       |       |    25 |   115 |   191 |    76 ||   407
       Ozocubu's Armour  |       |       |       |     4 |     9 |     9 ||    22
       Petrify           |       |       |       |     3 |    27 |    29 ||    59
       Passwall          |       |       |       |     1 |       |     1 ||     2
       Iron Shot         |       |       |       |       |   255 |   355 ||   610
       Lightning Bolt    |       |       |       |       |    16 |       ||    16
  Use: Potion            |       |     2 |       |     2 |     5 |    12 ||    21
       Scroll            |       |       |    10 |    13 |    20 |     9 ||    52
 Stab: Sleeping          |     2 |     5 |       |       |       |       ||     7
  Eat: Chunk             |     1 |     9 |    16 |    23 |    45 |    16 ||   110
       Ration            |       |       |     1 |       |     4 |     9 ||    14
Armor: Robe              |    14 |    15 |     3 |    21 |    59 |    88 ||   200
       Skin              |       |       |       |       |     7 |    12 ||    19
Dodge: Dodged            |    56 |    61 |    15 |    53 |   151 |   119 ||   455
Block: Kite shield       |       |       |       |       |    28 |   117 ||   145
